 Dungeon Crawl Stone Soup version 0.28.0 (webtiles) character file.

Game seed: 7376469595358066409

518 Dani the Chopper (level 7, 0/61 HPs)
             Began as a Minotaur Fighter on Feb 20, 2022.
             Slain by a bullfrog (3 damage)
             ... on level 6 of the Dungeon.
             The game lasted 00:05:26 (1555 turns).

Dani the Chopper (Minotaur Fighter)                 Turns: 1555, Time: 00:05:27

Health: 0/61       AC:  9    Str: 23    XL:     7   Next: 1%
Magic:  6/6        EV: 11    Int:  8    God:
Gold:   21         SH:  4    Dex:  9    Spells: 6/6 levels left

rFire   . . .      SeeInvis +   a - +1 war axe
rCold   + + +      Faith    .   c - +0 buckler
rNeg    . . .      Spirit   .   f - +1 ring mail "Kuluonn" {rC++}
rPois   +          Reflect  .   h - +2 hat
rElec   .          Harm     .   (no cloak)
rCorr   +          Rampage  .   (no gloves)
Will    .....                   (no boots)
Stlth   ..........              (no amulet)
HPRegen 0.20/turn               j - ring "Fuhal" {rPois rCorr Int+5 SInv}
MPRegen 0.10/turn               (no ring)

@: no status effects
A: horns 2, retaliatory headbutt, cold resistance 1, dopey 1
a: no special abilities


You were on level 6 of the Dungeon.
You visited 1 branch of the dungeon, and saw 6 of its levels.

You collected 170 gold pieces.
You spent 149 gold pieces at shops.

Inventory:

Hand Weapons
 a - a +1 war axe (weapon)
Armour
 b - a +1 scale mail
 c - a +0 buckler (worn)
 f - the +1 ring mail "Kuluonn" (worn) {rC++}
   (You found it on level 4 of the Dungeon)

   rC:        It greatly protects you from cold.
 h - a +2 hat (worn)
   (You acquired it on level 5 of the Dungeon)
Jewellery
 e - a ring of ice
   (You found it on level 1 of the Dungeon)
 i - a ring of willpower
   (You found it on level 5 of the Dungeon)
 j - the ring "Fuhal" (left hand) {rPois rCorr Int+5 SInv}
   (You acquired it on level 6 of the Dungeon)

   [ring of see invisible]

   Int:       It affects your intelligence (+5).
   rPois:     It protects you from poison.
   SInv:      It lets you see invisible.
   rCorr:     It protects you from acid and corrosion.
Scrolls
 g - 2 scrolls of noise {unknown}
 T - a scroll of teleportation
Potions
 d - a potion of might


   Skills:
 + Level 5.2 Fighting
 * Level 5.6 Axes
 + Level 5.1 Armour
 + Level 3.0 Dodging
 + Level 5.0 Shields


You had 6 spell levels left.
You didn't know any spells.
Your spell library was empty.

Dungeon Overview and Level Annotations

Branches:
Dungeon (6/15)
 Temple: D:4-7

Altars:
Nemelex Xobeh
Wu Jian
Yredelemnul

Shops:
D:5 ?*(?


Innate Abilities, Weirdness & Mutations

You have a pair of horns on your head.
You reflexively headbutt those who attack you in melee.
Your flesh is cold resistant. (rC+)
You are dopey. (Int -2)


Message History

The gnoll moves out of view.
You see here a scroll of teleportation.
T - a scroll of teleportation A gnoll comes into view.
It is wielding a +0 whip.
You slash the gnoll!
The gnoll is severely wounded.
You block the gnoll's attack.
The gnoll throws a throwing net.
The throwing net hits you.
You become entangled in the net!
The gnoll barely misses you.
You are held in a net!
You are held in a net!
Unknown command.
You struggle against the net.
The gnoll hits you with a +0 flail.
You are held in a net!
Unknown command.
You struggle against the net.
The gnoll hits you with a +0 flail.
You are held in a net!
You rip the net and break free!
The gnoll barely misses you.
Unknown command.
You barely miss the gnoll.
The gnoll is severely wounded.
The gnoll closely misses you.
You barely miss the gnoll. x2; The gnoll closely misses you.
The gnoll hits you but does no damage.
Unknown command.
You hit the gnoll.
The gnoll is lightly wounded.
You slash the gnoll!
You kill the gnoll!
The gnoll barely misses you. You furiously retaliate!
You headbutt the gnoll. You slash the gnoll!
You kill the gnoll!
Unknown command.
No target in view!
Unknown command.
Unknown command.
No target in view!
An orc priest and an orc wizard come into view.
The orc wizard is wielding a +0 dagger and wearing a +2 robe of positive energy.
The orc priest shouts!
The orc wizard shouts!
An orc comes into view. It is wielding a +0 hand axe.
The orc wizard moves out of view.
A scorpion comes into view.
The orc priest calls down the wrath of Beogh upon you.
Beogh smites you!
A bullfrog comes into view.
Unknown command.
An ice beast comes into view.
The bullfrog croaks.
An orc priest comes into view. It is wielding a +0 hand axe.
A water moccasin skeleton comes into view.
A scorpion comes into view.
A centaur skeleton and an ogre come into view.
The ogre shouts!
The orc priest shouts!
The orc priest hits you but does no damage.
You slash the orc priest!
You kill the orc priest!
You completely miss the scorpion. The bullfrog closely misses you.
The scorpion stings you!
* * * LOW HITPOINT WARNING * * *
The orc priest calls down the wrath of Beogh upon you.
Beogh smites you!
* * * LOW HITPOINT WARNING * * *
The orc wizard hits you but does no damage.
Your Dodging skill increases to level 3!
You have reached level 7!
You are too injured to fight recklessly!
You are too injured to fight recklessly!
The bullfrog barely misses you.
The scorpion stings you but does no damage.
The orc wizard casts a spell at you. You resist with some effort.
You block the bullfrog's attack.
The orc priest mumbles some strange prayers to Beogh against you.
Beogh smites you!
* * * LOW HITPOINT WARNING * * *
The bullfrog completely misses you.
The bullfrog hits you but does no damage.
The bullfrog hits you but does no damage.
Okay, then.
The orc wizard gestures at you while chanting.
You resist with some effort. The scorpion closely misses you.
The water moccasin skeleton bites you.
* * * LOW HITPOINT WARNING * * *
The bullfrog hits you.
* * * LOW HITPOINT WARNING * * *
The orc wizard casts a spell.
The orc wizard flickers and vanishes for a moment.
The bullfrog barely misses you.
You hit the bullfrog.
The bullfrog is lightly wounded.
The bullfrog hits you.
* * * LOW HITPOINT WARNING * * *
The bullfrog hits you but does no damage.
You hit the bullfrog. Your headbutt misses the bullfrog.
The bullfrog is moderately wounded.
The bullfrog hits you but does no damage.
The bullfrog hits you.
You die...

##............).......
#.........Oo..)....... ######
##.....................
#.....##..........Z..##.......
........).......os####..###...
......†..?............... .#.
.............Z............ .
.............so###.........
.............YsF@.......
...............###......
...........!...# ......
............$.## ....
.....##[....## ### ####
#######


You could see an ice beast, a bullfrog, 2 scorpions, an orc wizard (invisible)
and a water moccasin skeleton.

Vanquished Creatures
  A black bear (D:4)
  A centaur (D:4)
  A scorpion (D:4)
  A water moccasin skeleton (D:4)
  An orc priest (D:6)
  2 jellies
  3 iguanas
  2 gnolls (D:6)
  2 adders
  2 orcs (D:4)
  4 endoplasms
  2 giant cockroaches
  3 goblins
  6 hobgoblins
  3 kobolds
  2 quokkas
  2 ball pythons (D:2)
  2 frilled lizards (D:3)
  3 rats
43 creatures vanquished.

Notes
Turn   | Place    | Note
-------+----------+-------------------------------------------
     0 | D:1      | Dani the Minotaur Fighter began the quest for the Orb.
     0 | D:1      | Reached XP level 1. HP: 19/19 MP: 0/0
   246 | D:2      | Reached XP level 2. HP: 26/27 MP: 1/1
   461 | D:2      | Reached skill level 3 in Axes
   495 | D:3      | Found an ornate altar of the Wu Jian Council.
   536 | D:3      | Reached skill level 4 in Fighting
   536 | D:3      | Reached XP level 3. HP: 33/33 MP: 2/2
   621 | D:4      | Reached skill level 1 in Dodging
   763 | D:4      | Noticed a scorpion
   769 | D:4      | Gained mutation: You are frail. (-10% HP) [potion of
                  | mutation]
   769 | D:4      | Gained mutation: You have a pair of large horns on your
                  | head. [potion of mutation]
   769 | D:4      | HP: 7/29 [scorpion (1)]
   774 | D:4      | Killed a scorpion
   775 | D:4      | Reached skill level 4 in Armour
   775 | D:4      | Reached skill level 4 in Shields
   775 | D:4      | Reached XP level 4. HP: 31/36 MP: 3/3
   872 | D:5      | Entered Level 5 of the Dungeon
   936 | D:4      | Reached skill level 4 in Axes
   936 | D:4      | Reached XP level 5. HP: 39/42 MP: 4/4
   936 | D:4      | Noticed a centaur
   939 | D:4      | Noticed a black bear
   945 | D:4      | Lost mutation: You have a pair of large horns on your head.
                  | [potion of mutation]
   945 | D:4      | Lost mutation: You are frail. (-10% HP) [potion of
                  | mutation]
   945 | D:4      | Gained mutation: You are dopey. (Int -2) [potion of
                  | mutation]
   945 | D:4      | Gained mutation: Your flesh is cold resistant. (rC+)
                  | [potion of mutation]
   948 | D:4      | HP: 10/47 [black bear (2)]
   951 | D:4      | HP: 4/70 [centaur (1)]
   951 | D:4      | HP: 1/70 [black bear (3)]
   952 | D:4      | Killed a centaur
   953 | D:4      | Reached skill level 2 in Dodging
   954 | D:4      | Killed a black bear
   955 | D:4      | Reached skill level 5 in Axes
   955 | D:4      | Reached XP level 6. HP: 2/55 MP: 5/5
  1255 | D:4      | Identified the +1 ring mail "Kuluonn" {rC++}
  1293 | D:5      | Found Ownuwov's Magic Scroll Emporium.
  1294 | D:5      | Found Tecugi's Assorted Antiques.
  1296 | D:5      | Found Qucesa's Magic Scroll Emporium.
  1300 | D:5      | Bought a scroll of magic mapping for 49 gold pieces
  1301 | D:5      | Found Xabret's Weapon Emporium.
  1308 | D:5      | Bought a scroll of magic mapping for 38 gold pieces
  1312 | D:5      | Bought a scroll labelled CUUROA UTOR for 31 gold pieces
  1351 | D:5      | Bought a scroll labelled UPHIAN KIJONK for 31 gold pieces
  1400 | D:5      | Found a basalt altar of Yredelemnul.
  1411 | D:5      | Reached skill level 5 in Fighting
  1427 | D:5      | Found a sparkling altar of Nemelex Xobeh.
  1432 | D:5      | Acquired a +2 hat
  1503 | D:6      | Acquired the ring "Fuhal" {rPois rCorr Int+5 SInv}
  1519 | D:6      | Reached skill level 5 in Armour
  1519 | D:6      | Reached skill level 5 in Shields
  1537 | D:6      | Noticed an ice beast
  1540 | D:6      | Reached skill level 3 in Dodging
  1540 | D:6      | Reached XP level 7. HP: 21/61 MP: 6/6
  1543 | D:6      | HP: 5/61 [orc priest/divine providence (16)]
  1550 | D:6      | HP: 6/61 [water moccasin skeleton (1)]
  1555 | D:6      | Slain by a bullfrog

Illustrated notes

Levels and vault maps discovered:
D:1:      dpeg_arrival_arbitrary_c, layout_basic,
          dreamdust_ecumenical_altar_grove, serial_bayou_pond_a,
          item_on_display_a
D:2:      layout_loops_ring
D:3:      layout_loops_ring, cheibrodos_worm_habitat,
          nicolae_wu_jian_wuxing_cycle, fedhas_altar_3, uniq_sigmund,
          uniq_robin, uniq_terence
D:4:      layout_rooms
D:5:      layout_basic, nemelex_diamond_rough_becter,
          mainiacjoe_overflow_cross_hatched, chequers_serial_rivers_room_b,
          minmay_shop_grid_forest
D:6:      layout_rooms, serial_shops, nicolae_take_the_stairs,
          grunt_ministairs_1, chequers_serial_rivers_room_b, hex_medium

Skill      XL: |  1  2  3  4  5  6 |
---------------+-------------------+-----
Axes           | 3 4 5 |  5.6
Fighting       | 4 5 |  5.2
Dodging        | 1 2 3 |  3.0
Armour         | 4 5 |  5.1
Shields        | 4 5 |  5.0

Action                   |  1- 3 |  4- 6 |  7- 9 || total
-------------------------+-------+-------+-------++-------
Melee: War axe           |    44 |    41 |     2 ||    87
       Headbutt          |     5 |     4 |       ||     9
  Use: Potion            |     2 |     2 |       ||     4
       Scroll            |       |     9 |       ||     9
Armor: Scale mail        |    18 |    17 |       ||    35
       Ring mail         |       |     9 |     5 ||    14
Dodge: Dodged            |    20 |    30 |     4 ||    54
Block: Buckler           |     4 |    13 |     1 ||    18

Table legend: (Time is in decaauts)
 A = Elapsed time spent in this place.
 B = Non-inter-level travel time spent in this place.
 C = Inter-level travel time spent in this place.
 D = Time resting spent in this place.
 E = Time spent auto-exploring this place.
 F = Levels seen in this place.
 G = Mean time per level.
                   A        B        C        D        E       F      G
               +--------+--------+--------+--------+--------+-----+--------+
         Total |   1591 |   1541 |     50 |    298 |    741 |   6 |  265.2 |
       Dungeon |   1591 |   1541 |     50 |    298 |    741 |   6 |  265.2 |
               +--------+--------+--------+--------+--------+-----+--------+

Top non-repeatable levels by time:
     D:4: 689 daAuts
     D:1: 244 daAuts
     D:2: 234 daAuts
     D:5: 176 daAuts
     D:3: 148 daAuts
     D:6: 98 daAuts

Table legend:
 A = Kills in this place as a percentage of kills in entire the game.
 B = Kills by you in this place as a percentage of kills by you in the entire game.
 C = Kills by friends in this place as a percentage of kills by friends in the entire game.
 D = Other kills in this place as a percentage of other kills in the entire game.
 E = Experience gained in this place as a percentage of experience gained in the entire game.
 F = Experience gained in this place divided by the number of levels of this place that you have seen.
                   A       B       C       D       E      F
               +-------+-------+-------+-------+-------+----------------------
         Total | 100.0 | 100.0 |   N/A |   N/A | 100.0 | 123.3
       Dungeon | 100.0 | 100.0 |   N/A |   N/A | 100.0 | 123.3
               +-------+-------+-------+-------+-------+----------------------
